 Dungeon Crawl Stone Soup version 0.29-a0-370-gb5314be063 (webtiles) character file.

Game seed: 1867835393259415211

23208 Ijustatesigmund the Destroyer (level 13, -11/101 HPs)
             Began as a Barachi Conjurer on May 2, 2022.
             Was a Priest of Cheibriados.
             Mangled by a yaktaur captain (22 damage)
             ... on level 13 of the Dungeon.
             The game lasted 00:55:36 (17337 turns).

Ijustatesigmund the Destroyer (Barachi Conjurer)   Turns: 17337, Time: 00:55:37

Health: -11/101    AC: 14    Str: 16    XL:     13   Next: 5%
Magic:  23/27      EV: 17    Int: 28    God:    Cheibriados [***...]
Gold:   667        SH:  0    Dex: 17    Spells: 25/32 levels left

rFire   . . .      SeeInvis .   n - staff of conjuration
rCold   . . .      Faith    .   (no shield)
rNeg    + . .      Spirit   .   a - +0 acid dragon scales
rPois   .          Reflect  .   i - +1 helmet
rElec   +          Harm     .   (no cloak)
rCorr   +          Rampage  .   j - +1 pair of gloves
Will    .....                   t - +0 pair of boots "Apnebukh" {rElec rN+ Regen+}
Stlth   ++........              (no amulet)
HPRegen 1.06/turn               J - +4 ring of evasion
MPRegen 0.20/turn               h - ring of wizardry

@: about to teleport, unable to hop, invisible, very slow
A: amphibious, slowness 1, strong legs 2, +LOS
a: Hop, Renounce Religion, Bend Time, Temporal Distortion


You were on level 13 of the Dungeon.
You worshipped Cheibriados.
Cheibriados was most pleased with you.
You visited 2 branches of the dungeon, and saw 14 of its levels.
You also visited: Sewer.

You collected 667 gold pieces.

Inventory:

Hand Weapons
 c - a +0 falchion
 C - the +3 dagger of the Seventy-Seven Yaks {freeze, Drain rF- Int+4 Dex+6}
   (You found it on level 7 of the Dungeon)

   It freezes those it strikes, dealing additional cold damage.
   It can also slow down cold-blooded creatures.
   Int:       It affects your intelligence (+4).
   Dex:       It affects your dexterity (+6).
   rF:        It makes you vulnerable to fire.
   Drain:     It drains your maximum health when unequipped.
 F - the +5 whip of Luuhaes {chaos, rPois SInv}
   (You found it on level 9 of the Dungeon)

   Each time it hits an enemy it has a different, random effect.
   rPois:     It protects you from poison.
   SInv:      It lets you see invisible.
   Cheibriados disapproves of the use of such an item.
Missiles
 y - a throwing net
Armour
 a - +0 acid dragon scales (worn)
 i - a +1 helmet (worn)
 j - a +1 pair of gloves (worn)
 t - the +0 pair of boots "Apnebukh" (worn) {rElec rN+ Regen+}
   (You found it on level 11 of the Dungeon)

   rElec:     It insulates you from electricity.
   rN:        It protects you from negative energy.
   Regen:     It increases your rate of health regeneration.
Magical Staves
 n - a staff of conjuration (weapon)
Jewellery
 h - a ring of wizardry (right hand)
 l - a ring of poison resistance
 G - a ring of wizardry
 H - a ring of wizardry
 J - a +4 ring of evasion (left hand)
Wands
 m - a wand of iceblast (1)
 q - a wand of acid (1)
 x - a wand of polymorph (1)
 I - a wand of flame (7)
Scrolls
 f - 3 scrolls of fog
 r - 4 scrolls of amnesia
 u - a scroll of immolation
 z - a scroll of identify
 B - 2 scrolls of teleportation
 D - 2 scrolls of silence
 K - a scroll of enchant armour
 L - 3 scrolls of magic mapping
Potions
 b - 4 potions of magic
 d - 4 potions of flight
 e - a potion of attraction
 g - 2 potions of berserk rage
 k - 3 potions of mutation
 o - 2 potions of ambrosia
 p - 2 potions of curing
 s - 7 potions of might
 v - a potion of haste
 w - 2 potions of lignification
 A - 2 potions of resistance
 E - a potion of brilliance


   Skills:
 + Level 9.0 Fighting
 - Level 9.2 Armour
 - Level 4.5 Dodging
 - Level 1.7 Stealth
 - Level 10.2 Spellcasting
 - Level 10.2 Conjurations
 + Level 9.8 Fire Magic
 + Level 7.2 Invocations
 - Level 5.0 Evocations


You had 25 spell levels left.
You knew the following spells:

 Your Spells              Type           Power      Damage    Failure   Level
a - Magic Dart            Conj           100%       1d8       1%          1
b - Searing Ray           Conj           100%       2d8       1%          2
c - Flame Wave            Conj/Fire      81%        2d14      1%          4

Your spell library contained the following spells:

 Spells                   Type           Power      Damage    Failure   Level
 Beastly Appendage        Tmut           28%        N/A       1%          1
 Foxfire                  Conj/Fire      100%       2x1d9     1%          1
 Conjure Flame            Conj/Fire      81%        6-21      1%          3
 Dazzling Flash           Conj/Hex       100%       N/A       1%          3
 Inner Flame              Hex/Fire       41%        N/A       1%          3
 Fulminant Prism          Conj/Hex       29%        3d14      2%          4
 Iskenderun's Mystic Bla  Conj/Tloc      59%        2d12      2%          4
 Ensorcelled Hibernation  Hex/Ice        28%        N/A       3%          2
 Passwall                 Tmut/Erth      11%        N/A       3%          2
 Wereblood                Tmut           14%        N/A       3%          2
 Spider Form              Tmut/Pois      14%        N/A       6%          3
 Swiftness                Air            14%        N/A       6%          3
 Anguish                  Hex/Necr       7%         N/A       21%         4
 Agony                    Necr           14%        N/A       45%         5
 Silence                  Hex/Air        7%         N/A       45%         5
 Summon Forest            Summ/Tloc      7%         N/A       45%         5
 Summon Mana Viper        Hex/Summ       14%        N/A       45%         5
 Summon Cactus Giant      Summ           7%         N/A       95%         6
 Borgnjor's Revivificati  Necr           7%         N/A       100%        8
 Necromutation            Tmut/Necr      7%         N/A       100%        8
 Death's Door             Necr           7%         N/A       100%        9


Dungeon Overview and Level Annotations

Branches:
Dungeon (13/15)            Temple (1/1) D:4            Lair (0/6) D:10
    Orc (0/2) D:11          Sewer (visited)
 Vaults: D:13-14

Altars:
Ashenzari
Cheibriados
Dithmenos
Elyvilon
Fedhas
Gozag
Hepliaklqana
Kikubaaqudgha
Makhleb
Nemelex Xobeh
Okawaru
Qazlal
Ru
Sif Muna
Trog
Uskayaw
Vehumet
Wu Jian
Xom
Yredelemnul
Zin
The Shining One

Shops:
D:6 =

Annotations:
D:3 3 runed translucent doors, Lekart's ghost, amateur DrCK
D:8 2 transporters, Zaque's ghost, novice DrCj
D:11 4 runed translucent doors


Innate Abilities, Weirdness & Mutations

You are amphibious.
You cover ground slowly.
You can hop long distances.
You have an extended range of vision and can be seen from far away.


Message History

Boing!
The yaktaur shouts! x2
The yaktaur captain shoots a bolt.
The bolt hits you!!
Casting: Flame Wave (safe; 1% risk of failure)
Confirm with . or Enter, or press ? or * to list all spells.
You don't know that spell.
Unknown command.
Casting: Flame Wave (safe; 1% risk of failure)
Confirm with . or Enter, or press ? or * to list all spells.
Casting: Flame Wave (safe; 1% risk of failure)
Press: ? - help, Dir - look around, f - activate You feel a surge of power!
A wave of flame ripples out! (Press . to intensify the flame waves.)
You hear an angry buzzing noise.
The yaktaur captain shoots a bolt.
The bolt misses you.
A wave of flame ripples out!
The flame wave engulfs the yaktaur captain!!
The yaktaur captain is moderately wounded.
You hear an angry buzzing noise. x2
The yaktaur captain shoots a bolt.
The bolt hits you!!!
* * * LOW HITPOINT WARNING * * *
Unknown command.
Okay, then.
You feel better.
The yaktaur captain shoots a bolt.
The bolt hits you!!
* * * LOW HITPOINT WARNING * * *
Okay, then.
Okay, then.
Okay, then.
Okay, then.
Okay, then.
You fade into invisibility!
The yaktaur wields a +0 arbalest.
The yaktaur shoots a bolt.
The bolt hits the yaktaur captain!!
A wraith comes into view.
As you read the scroll of teleportation, it crumbles to dust.
You feel strangely unstable.
A vampire mosquito comes into view.
The yaktaur captain unwields a +0 arbalest.
The yaktaur captain hits you!!
You die...

...##..# .......####
.........# ......... #.
....... #. #..c.. .
##.#########.#.# ..
##............c.#
..##...........#@#.#
...........#####.........
.............# #.#.#.#.y.
.............# #.....
.............# #.. ...
^............# #........
.............# #... .....
......<......# #.......W.
.............# #.... ....


You could see a yaktaur captain (can't see you), a yaktaur (can't see you), a
wraith and a vampire mosquito (wandering, can't see you).

Vanquished Creatures
  Josephine (D:11)
  2 two-headed ogres
  A skeletal warrior (D:11)
  Pikel (D:5)
  A necromancer (D:12)
  A deep elf pyromancer (D:9)
  A manticore (D:11)
  2 ugly things (D:11)
  An elephant (D:10)
  Joseph (D:8)
  A gargoyle (D:12)
  Maggie (D:7)
  An unseen horror (D:5)
  A yaktaur (D:11)
  2 komodo dragons
  A tyrant leech (D:12)
  3 trolls
  5 wraiths (D:11)
  2 wyverns
  4 shadows
  11 yaks
  A vampire (D:11)
  4 vampire mosquitoes (D:12)
  3 basilisks
  A steam dragon (D:8)
  A warg (D:10)
  Edmund (D:6)
  5 acid dragons
  2 ice beasts (D:5)
  3 water moccasins
  A black bear (D:8)
  5 orc warriors
  A sky beast (D:8)
  2 ogres
  4 centaurs
  4 lemures (D:5)
  6 kobold brigands
  2 necrophages
  3 bullfrogs
  A scorpion (D:7)
  7 killer bees (D:11)
  2 howler monkeys (D:12)
  10 hounds
  A gnoll shaman (D:7)
  4 orc priests
  Ijyb (D:3)
  4 iguanas
  13 orc wizards
  7 polar bear simulacra (D:12)
  A mummy (D:10)
  7 gnolls
  11 adders
  A white imp (D:6)
  An ufetubus (D:2)
  5 dart slugs
  34 orcs
  8 ball pythons
  9 endoplasms
  8 giant cockroaches
  14 goblins
  9 hobgoblins
  3 jackals (D:3)
  4 quokkas
  5 bats
  5 frilled lizards
  23 kobolds
  8 rats
  4 river rat simulacra (D:12)
  A spectral orc (D:7)
304 creatures vanquished.

Vanquished Creatures (others)
  3 fungi
  8 plants
11 creatures vanquished.

Grand Total: 315 creatures vanquished

Notes
Turn   | Place    | Note
-------+----------+-------------------------------------------
     0 | D:1      | Ijustatesigmund the Barachi Conjurer began the quest for
                  | the Orb.
     0 | D:1      | Reached XP level 1. HP: 13/13 MP: 3/3
   476 | D:1      | Reached skill level 1 in Fighting
   476 | D:1      | Reached XP level 2. HP: 21/21 MP: 1/5
   479 | D:1      | Learned a level 2 spell: Searing Ray
   997 | D:2      | Reached XP level 3. HP: 27/27 MP: 0/7
  1787 | D:2      | Reached skill level 5 in Conjurations
  1787 | D:2      | Reached XP level 4. HP: 28/33 MP: 2/8
  2243 | D:3      | Noticed an ice beast
  2243 | D:3      | Noticed Lekart's ghost (amateur DrCK)
  2243 | D:3      | Found a runed translucent gate.
  2243 | D:3      | Found a runed translucent gate.
  2243 | D:3      | Found a runed translucent gate.
  2486 | D:3      | Reached XP level 5. HP: 40/40 MP: 7/10
  2493 | D:3      | Learned a level 4 spell: Flame Wave
  3071 | D:3      | Noticed Ijyb
  3075 | D:3      | Killed Ijyb
  3076 | D:3      | Reached skill level 1 in Fire Magic
  3077 | D:3      | Found an ornate altar of the Wu Jian Council.
  3219 | D:3      | Noticed an ogre
  3260 | D:3      | Killed an ogre
  3261 | D:3      | Reached XP level 6. HP: 48/48 MP: 3/12
  3889 | D:4      | Found a hide-covered altar of Uskayaw.
  3924 | D:4      | Found a staircase to the Ecumenical Temple.
  3934 | Temple   | Entered the Ecumenical Temple
  4021 | D:5      | Entered Level 5 of the Dungeon
  4313 | D:4      | Reached XP level 7. HP: 53/54 MP: 8/13
  4922 | D:5      | Noticed Pikel
  5054 | D:5      | Found an opulent altar of Gozag.
  5650 | D:5      | Reached skill level 5 in Fighting
  5650 | D:5      | Reached skill level 5 in Spellcasting
  5665 | D:5      | Reached XP level 8. HP: 62/62 MP: 1/15
  6015 | D:5      | Killed an unseen horror
  6016 | D:5      | Reached skill level 5 in Fire Magic
  6669 | D:5      | Killed Pikel
  6670 | D:5      | Reached XP level 9. HP: 49/68 MP: 9/19
  7015 | D:6      | Found a glowing drain.
  7020 | Sewer    | Entered a sewer
  7792 | D:6      | Found Vecwot's Jewellery Emporium.
  7817 | D:6      | Noticed Edmund
  7825 | D:6      | Killed Edmund
  7826 | D:6      | Reached skill level 1 in Armour
  8658 | D:7      | Noticed Maggie
  9050 | D:7      | Killed Maggie
  9051 | D:7      | Reached skill level 1 in Evocations
  9105 | D:7      | Identified the +3 dagger of the Seventy-Seven Yaks {freeze,
                  | Drain rF- Int+4 Dex+6}
  9522 | D:7      | Reached XP level 10. HP: 74/74 MP: 14/20
  9606 | D:7      | Found a basalt altar of Yredelemnul.
 10059 | D:8      | Reached skill level 5 in Armour
 10328 | D:9      | Identified the +5 whip of Luuhaes {chaos, rPois SInv}
 10431 | D:8      | Noticed Zaque's ghost (novice DrCj)
 10434 | D:8      | Found a transporter.
 10434 | D:8      | Found a transporter.
 10438 | D:8      | Found a glowing silver altar of Zin.
 10463 | D:8      | Found a radiant altar of Vehumet.
 10468 | D:8      | Found a broken altar of Ashenzari.
 10477 | D:8      | Found an ancient bone altar of Kikubaaqudgha.
 10478 | D:8      | Found a sacrificial altar of Ru.
 10740 | D:8      | Reached skill level 5 in Evocations
 10959 | D:8      | Noticed Joseph
 10965 | D:8      | Killed Joseph
 11220 | D:9      | Noticed a deep elf pyromancer
 11228 | D:9      | Killed a deep elf pyromancer
 11229 | D:9      | Noticed a two-headed ogre
 11245 | D:9      | Killed a two-headed ogre
 11721 | D:9      | Identified the +10 spear "Burphiv" {vorpal, rPois}
 11963 | D:9      | Reached XP level 11. HP: 86/86 MP: 22/24
 12107 | D:10     | Entered Level 10 of the Dungeon
 12322 | D:10     | Reached XP level 12. HP: 87/92 MP: 13/25
 12469 | D:10     | Reached skill level 10 in Spellcasting
 12617 | D:10     | Found a staircase to the Lair.
 12633 | D:11     | Noticed a two-headed ogre
 12646 | D:10     | Reached skill level 10 in Conjurations
 13151 | D:10     | Found a snail-covered altar of Cheibriados.
 13213 | D:10     | Became a worshipper of Cheibriados the Contemplative
 13232 | D:10     | Found a bloodstained altar of Trog.
 13485 | D:10     | Found a sparkling altar of Nemelex Xobeh.
 13601 | D:11     | Reached skill level 1 in Invocations
 13607 | D:11     | Killed a two-headed ogre
 13883 | D:11     | Reached * piety under Cheibriados
 14441 | D:11     | Found a staircase to the Orcish Mines.
 14568 | D:11     | Noticed Josephine
 14575 | D:11     | Killed Josephine
 14578 | D:11     | Reached skill level 5 in Invocations
 14951 | D:11     | Found a large runed translucent door.
 14951 | D:11     | Found a large runed translucent door.
 14956 | D:11     | Found a large runed translucent door.
 14956 | D:11     | Found a large runed translucent door.
 14957 | D:11     | Noticed a six-headed hydra
 14957 | D:11     | Noticed a centaur warrior
 15065 | D:11     | Reached ** piety under Cheibriados
 15816 | D:11     | Identified the +0 pair of boots "Apnebukh" {rElec rN+
                  | Regen+}
 16707 | D:12     | Noticed a boulder beetle
 16710 | D:12     | Noticed a bunyip
 16710 | D:12     | a boulder beetle changed into a bunyip
 16825 | D:12     | a bunyip changed into a tyrant leech
 17014 | D:12     | Gained mutation: You can hop long distances. [Barachi
                  | growth]
 17014 | D:12     | Reached XP level 13. HP: 92/100 MP: 16/27
 17168 | D:12     | Reached *** piety under Cheibriados
 17329 | D:13     | Noticed a yaktaur captain
 17337 | D:13     | Mangled by a yaktaur captain

Illustrated notes

Levels and vault maps discovered:
D:1:      wheals_arrival_shading, layout_basic, supply_closet_lemuel,
          minmay_tetromino_t4
D:2:      layout_basic, minmay_misc_feat_x, minmay_misc_feat_plants
D:3:      layout_loops_cross, old_standard_altar, gammafunk_ghost_split,
          hangedman_glass_teeth, minmay_ogre_servants, uniq_ijyb
D:4:      layout_loops_ring, lemuel_tele_altar, lemuel_temple_firewalk_b,
          kennysheep_pointless_box
D:5:      minmay_clustersquares, layout_loops_cross, nicolae_gozag_seed_capital,
          amcnicky_mini_corridor_feature, uniq_pikel
D:6:      layout_basic, gup_sewer_entry_bowl, serial_shops,
          nicolae_lakefront_shop, uniq_edmund
D:7:      layout_basic, yredelemnul_forgotten_temple_becter,
          serial_bayou_pond_c, uniq_maggie
D:8:      layout_basic, grunt_temple_overflow_open, gammafunk_ghost_hive,
          uniq_joseph
D:9:      layout_cross
D:10:     layout_basic, slow_altar_1, nemelex_altar_shiori,
          mainiacjoe_overflow_24_doors, david_lair_generic
D:11:     layout_loops_ring, erik_orc_3, minmay_hollow_rounded_squares,
          uniq_josephine
D:12:     layout_roguey, eino_house_with_fridge
D:13:     layout_cave_pods, david_vaults_2
Temple:   eino_temple_lava

Skill      XL: |  1  2  3  4  5  6  7  8  9 10 11 12 13 |
---------------+----------------------------------------+-----
Fighting       | 1 2 3 4 5 8 9 |  9.0
Spellcasting   | 3 4 5 6 7 9 10 | 10.2
Conjurations   | 5 6 8 9 10 | 10.2
Fire Magic     | 1 2 3 6 7 8 9 |  9.8
Armour         | 4 9 |  9.2
Dodging        | 4 |  4.5
Evocations     | 2 5 |  5.0
Invocations    | 7 |  7.2
Stealth        | |  1.7

Action                   |  1- 3 |  4- 6 |  7- 9 | 10-12 | 13-15 || total
-------------------------+-------+-------+-------+-------+-------++-------
Melee: Dagger            |    14 |       |       |       |       ||    14
       Staff             |       |     2 |     1 |       |       ||     3
 Cast: Magic Dart        |    48 |    75 |   110 |    81 |       ||   314
       Searing Ray       |     3 |    11 |    41 |    80 |       ||   135
       Flame Wave        |       |       |     8 |    42 |     5 ||    55
 Abil: Hop               |     1 |     2 |     3 |     6 |     2 ||    14
Evoke: Wand              |       |       |     5 |    21 |       ||    26
  Use: Scroll            |     7 |     2 |     7 |     9 |     1 ||    26
       Potion            |       |     1 |     2 |     6 |     2 ||    11
Armor: Robe              |     3 |     5 |     9 |       |       ||    17
       Acid dragon scale |       |       |       |    92 |       ||    92
Dodge: Dodged            |    15 |    21 |    46 |   144 |     6 ||   232

Table legend: (Time is in decaauts)
 A = Elapsed time spent in this place.
 B = Non-inter-level travel time spent in this place.
 C = Inter-level travel time spent in this place.
 D = Time resting spent in this place.
 E = Time spent auto-exploring this place.
 F = Levels seen in this place.
 G = Mean time per level.
                   A        B        C        D        E       F      G
               +--------+--------+--------+--------+--------+-----+--------+
         Total |  19577 |  19182 |    395 |   6181 |  10583 |  15 | 1305.1 |
       Dungeon |  19056 |  18670 |    386 |   6067 |  10275 |  13 | 1465.8 |
        Temple |     48 |     39 |      9 |      0 |     39 |   1 |   48.0 |
         Sewer |    472 |    472 |      0 |    114 |    267 |   1 |  472.0 |
               +--------+--------+--------+--------+--------+-----+--------+

Top non-repeatable levels by time:
    D:11: 2991 daAuts
     D:5: 1904 daAuts
     D:4: 1781 daAuts
    D:10: 1745 daAuts
     D:6: 1640 daAuts
    D:12: 1569 daAuts
     D:2: 1555 daAuts
     D:3: 1421 daAuts
     D:7: 1228 daAuts
     D:8: 1204 daAuts
     D:9: 1078 daAuts
     D:1: 902 daAuts
   Sewer: 472 daAuts
  Temple: 48 daAuts
    D:13: 33 daAuts
